 Dungeon Crawl Stone Soup version 0.31-b1-17-gcfd88c8481 (webtiles) character file.

Game seed: 13304000198525330137

25 Esekla the Sneak (level 3, -1/26 HPs)
             Began as an Octopode Delver on Jan 15, 2024.
             Was an Initiate of Gozag.
             Slain by a scorpion zombie (2 damage)
             ... on level 4 of the Dungeon.
             The game lasted 00:06:26 (824 turns).

Esekla the Sneak (Octopode Delver)                   Turns: 824, Time: 00:06:27

Health: -1/26      AC:  1    Str: 11    XL:     3   Next: 4%
Magic:  3/3        EV: 13    Int: 14    God:    Gozag
Gold:   162        SH:  0    Dex: 13    Spells: 3/3 levels left

rFire   . . .        a - +0 falchion
rCold   . . .        (no shield)
rNeg    . . .        (helmet restricted)
rPois   .            (no amulet)
rElec   .            (no ring)
rCorr   .            (no ring)
SInv    .            (no ring)
Will    .....        (no ring)
Stlth   ++++         (no ring)
HPRegen 0.24/turn    (no ring)
MPRegen 0.08/turn    (no ring)
                     (no ring)

%: no passive effects
@: gold aura, attractive
A: almost no armour, amphibious, 8 rings, camouflage 1, gelatinous body 1,
(nimble swimmer 1), tentacles
a: Renounce Religion, Potion Petition, Call Merchant, Bribe Branch


You were on level 4 of the Dungeon.
You worshipped Gozag.
Gozag was aware of your devotion.
You visited 2 branches of the dungeon, and saw 6 of its levels.

You collected 189 gold pieces.
You paid 27 gold pieces to Gozag.

Inventory:

Hand Weapons
 a - a +0 falchion (weapon)
 s - a +0 dagger
Missiles
 i - 5 javelins (quivered)
Wands
 f - a wand of digging (3)
Scrolls
 b - 2 scrolls of fog
 d - a scroll of brand weapon {unknown}
 h - 3 scrolls of identify {unknown}
 j - 2 scrolls of torment {unknown}
 k - 3 scrolls of revelation
 m - a scroll of enchant armour {unknown}
Potions
 c - a potion of heal wounds {unknown}
 e - a potion of haste
 g - a potion of enlightenment {unknown}
 n - a potion of invisibility {unknown}


   Skills:
 * Level 3.1 Fighting
 * Level 2.6 Long Blades
 * Level 2.1 Dodging
 + Level 6.9 Stealth
 * Level 0.5 Spellcasting


You had 3 spell levels left.
You didn't know any spells.
Your spell library was empty.

Dungeon Overview and Level Annotations

Branches:
Dungeon (5/15)             Temple (1/1) D:5

Altars:
Fedhas
Gozag
Hepliaklqana
Kikubaaqudgha
Makhleb
Okawaru
Qazlal
Ru
Wu Jian
Yredelemnul
The Shining One

Annotations:
D:5 Eustachio


Innate Abilities, Weirdness & Mutations

You cannot wear most types of armour.
You are amphibious.
You can wear up to eight rings at the same time.
Your skin changes colour to match your surroundings (Stealth+).
Your rubbery body absorbs attacks. (AC +1, EV +1)
((You are camouflaged when in or above water. (Stealth+)))
You have tentacles for arms and can constrict up to eight enemies at once.


Message History

The howler monkey skeleton hits you.
You hit the howler monkey skeleton. You squeeze the howler monkey skeleton!
You destroy the howler monkey skeleton!
You have reached level 3!
Your experience leads to an increase in your attributes!
Increase (S)trength, (I)ntelligence, or (D)exterity?
You feel clever. x2
You hit the scorpion zombie. Your grab misses the scorpion zombie.
Your squeeze misses the scorpion zombie.
The scorpion zombie is lightly damaged.
The scorpion zombie hits you.
You hit the scorpion zombie. Your grab misses the scorpion zombie.
You squeeze the scorpion zombie.
The scorpion zombie is moderately damaged.
The scorpion zombie hits you.
You hit the scorpion zombie but do no damage.
You grab the scorpion zombie.
You squeeze the scorpion zombie, but do no damage.
The scorpion zombie is moderately damaged.
You constrict the scorpion zombie, but do no damage.
The scorpion zombie closely misses you.
You hit the scorpion zombie but do no damage.
The scorpion zombie is moderately damaged.
You constrict the scorpion zombie, but do no damage.
The scorpion zombie barely misses you.
You barely miss the scorpion zombie.
The scorpion zombie is moderately damaged.
You constrict the scorpion zombie. The scorpion zombie hits you. x2
* * * LOW HITPOINT WARNING * * *
You hit the scorpion zombie.
You squeeze the scorpion zombie, but do no damage.
The scorpion zombie is moderately damaged.
You constrict the scorpion zombie, but do no damage.
The scorpion zombie hits you.
* * * LOW HITPOINT WARNING * * *
It was a potion of attraction.
You feel attractive to monsters.
You constrict the scorpion zombie. The scorpion zombie hits you.
You die...
Your body crumbles into a pile of gold.

.. #.# #.#
#.######
#.#....#
##..@.#
###..#Z##
#......#
##.#..######
#.....)....#
#..........#
#...........>#
.......ZP.P8.#
.#####.#.8..##


You could see a scorpion zombie.

Vanquished Creatures
  A howler monkey skeleton (D:4)
  A dart slug (D:1)
  2 ball pythons
  2 bats
  A giant cockroach (D:4)
  A goblin (D:1)
  2 quokkas
  2 frilled lizards
  A kobold (D:1)
13 creatures vanquished.

Notes
Turn   | Place    | Note
-------+----------+-------------------------------------------
     0 | D:5      | Esekla the Octopode Delver began the quest for the Orb.
     0 | D:5      | Reached XP level 1. HP: 16/16 MP: 1/1
    29 | D:5      | Found a staircase to the Ecumenical Temple.
    85 | D:5      | Noticed an ice beast
   144 | Temple   | Entered the Ecumenical Temple
   167 | D:5      | Noticed a water moccasin
   182 | D:5      | Noticed Eustachio
   235 | D:5      | Noticed a hound
   278 | Temple   | Became a worshipper of Gozag Ym Sagoz the Greedy
   344 | D:4      | Noticed an iguana
   504 | D:1      | Reached XP level 2. HP: 20/21 MP: 2/2
   818 | D:4      | Reached XP level 3. HP: 20/26 MP: 3/3
   823 | D:4      | HP: 1/26 [scorpion zombie (6)]
   824 | D:4      | Slain by a scorpion zombie

Illustrated notes

Levels and vault maps discovered:
D:1:      saegor_arrival_miasma, layout_loops_ring
D:2:      layout_basic, basic_altar, nicolae_ecumenical_snake_handling
D:3:      layout_basic, elyvilon_altar_1, nicolae_grassy_gnolls
D:4:      layout_rooms, mainiacjoe_overflow_big_doors,
          mainiacjoe_overflow_boulevard, serial_undead, serial_undead_b,
          serial_undead_f, serial_undead_c, serial_undead_d, uniq_blork_the_orc
D:5:      layout_basic, minmay_temple_entry_stoned_glass, uniq_eustachio
Temple:   bh_familiar_temple

Action                     || total
---------------------------++-------
  Melee: Falchion          ||    29
         Tentacles         ||     7
         Constrict         ||     5
         Dagger            ||     1
    Use: Scroll            ||     2
         Potion            ||     1
   Stab: Distracted        ||     1
         Sleeping          ||     2
 Armour: Skin              ||    15
  Dodge: Dodged            ||    10
